 Dungeon Crawl Stone Soup version 0.25.1-2-g60ff931df9 (webtiles) character file.

Game seed: 10693832669190090963

2298 Pickers98 the Basher (level 9, -5/80 HPs)
             Began as a Minotaur Fighter on Sept 9, 2020.
             Was an Initiate of Okawaru.
             Slain by a yak (10 damage)
             ... on level 7 of the Dungeon.
             The game lasted 00:15:01 (5719 turns).

Pickers98 the Basher (Minotaur Fighter)             Turns: 5719, Time: 00:15:01

Health: -5/80      AC: 18    Str: 25    XL:     9   Next: 17%
Magic:  8/8        EV:  6    Int:  5    God:    Okawaru [......]
Gold:   416        SH: 11    Dex:  9    Spells: 8/8 levels left

rFire    . . .     SeeInvis .   a - +0 flail
rCold    . . .     Gourm    .   c - +0 kite shield
rNeg     + . .     Faith    .   u - +0 plate armour
rPois    .         Spirit   .   (helmet restricted)
rElec    .         Reflect  .   y - +2 cloak {MR+}
rCorr    .         Harm     .   p - +0 pair of gloves
MR       +....                  (no boots)
Stlth    ..........             (no amulet)
HPRegen  0.23/turn              E - ring of stealth
MPRegen  0.11/turn              r - ring of positive energy

@: mighty
A: retaliatory headbutt, horns 2
a: Renounce Religion


You were on level 7 of the Dungeon.
You worshipped Okawaru.
Okawaru was noncommittal.
You were very hungry.

You visited 2 branches of the dungeon, and saw 8 of its levels.

You collected 416 gold pieces.

Inventory:

Hand Weapons
 a - a +0 flail (weapon)
Missiles
 b - 5 boomerangs
 n - 8 atropa-tipped darts (quivered)
 w - 31 poisoned darts
Armour
 c - a +0 kite shield (worn)
 p - a +0 pair of gloves (worn)
 u - a +0 plate armour (worn)
 y - a +2 cloak of magic resistance (worn)
Jewellery
 o - an uncursed ring of flight
 r - a ring of positive energy (right hand)
 E - a ring of stealth (left hand)
Wands
 t - a wand of digging (6)
 B - a wand of flame (19)
 C - a wand of iceblast (7)
 K - a wand of random effects (10)
Scrolls
 g - 2 scrolls of blinking {unknown}
 h - 4 scrolls of remove curse
 i - 2 scrolls of fog
 j - 6 scrolls of teleportation
 k - 3 scrolls of magic mapping
 q - 2 scrolls of immolation {unknown}
 s - a scroll of enchant armour {unknown}
 v - a scroll of noise {unknown}
 z - 3 scrolls of enchant weapon {unknown}
 A - 2 scrolls of identify
 I - a scroll of fear {unknown}
Potions
 e - 2 potions of curing
 l - a potion of heal wounds {unknown}
 m - a potion of berserk rage
 x - a potion of mutation {unknown}
 D - 2 potions of degeneration {unknown}
 F - 2 potions of haste {unknown}
 G - a potion of ambrosia {unknown}
 H - a potion of lignification {unknown}
 J - a potion of resistance {unknown}
 L - 2 potions of stabbing {unknown}
Comestibles
 f - 14 rations


   Skills:
 * Level 7.7 Fighting
 + Level 8.4 Maces & Flails
 * Level 8.4 Armour
 + Level 1.1 Dodging
 + Level 0.4 Stealth
 + Level 7.5 Shields


You had 8 spell levels left.
You didn't know any spells.
Your spell library contained the following spells:

 Spells                   Type           Power        Failure   Level  Hunger
 Animate Skeleton         Necr           N/A          100%        1    ##.....
 Apportation              Tloc           #.....       100%        1    ##.....
 Corona                   Hex            #......      100%        1    ##.....
 Infusion                 Chrm           #...         100%        1    ##.....
 Summon Small Mammal      Summ           #...         100%        1    ##.....
 Shroud of Golubria       Chrm/Tloc      #.....       100%        2    ###....
 Song of Slaying          Chrm           #.......     100%        2    ###....
 Ozocubu's Armour         Chrm/Ice       #.......     100%        3    ####...
 Spectral Weapon          Hex/Chrm       #.......     100%        3    ####...


Dungeon Overview and Level Annotations

Branches:
Dungeon (7/15)             Temple (1/1) D:6

Altars:
Ashenzari
Cheibriados
Dithmenos
Elyvilon
Fedhas
Gozag
Hepliaklqana
Kikubaaqudgha
Makhleb
Nemelex Xobeh
Okawaru
Qazlal
Sif Muna
Trog
Uskayaw
Vehumet
Wu Jian
Yredelemnul
Zin
The Shining One

Shops:
D:5 (   D:6 %

Annotations:
D:7 3 runed translucent doors, Esekla's ghost, novice OpNe; Frank's ghost, novice DsGl; ZZKoverts's ghost, novice HaHu; lepoulpe303's ghost, novice FoFi


Innate Abilities, Weirdness & Mutations

You reflexively headbutt those who attack you in melee.
You have a pair of horns on your head.


Message History

* * * LOW HITPOINT WARNING * * *
You sock the yak!
You kill the yak!
Okawaru accepts your kill. The yak barely misses you. You furiously retaliate!
You headbutt the yak!! You block the yak's attack.
Your plate armour prevents you from hitting the yak.
You headbutt the yak!
The yak is almost dead.
The yak gores you but does no damage. You block the yak's attack.
The yak gores you but does no damage.
You closely miss the yak.
The yak is almost dead.
The yak gores you but does no damage. x2; You block the yak's attack.
Your plate armour prevents you from hitting the yak.
You headbutt the yak!
You kill the yak!
Okawaru accepts your kill. The yak gores you but does no damage.
The yak gores you!
You die...

#. #...#..##.....##...#.
#.. #...#..##.....##...#.
#..##...#...'..........#.
#......##..##.....##...#.
#.....!##..##.....##...#.
#.......#..##.....##...##
#.......#..#########.....
#(.....Y#......).. #.....
#.....Y†@......... +.....
#......Y#......... #...##
##+###########+#########.
........ ........
........ ........
######## #


You could see 3 yaks.

Vanquished Creatures
  3 yaks (D:7)
  Menkaure (D:4)
  2 orc warriors (D:6)
  A phantom (D:6)
  3 ogres
  3 centaurs
  A bullfrog (D:6)
  A gnoll sergeant (D:6)
  A scorpion (D:5)
  A howler monkey (D:5)
  2 crimson imps
  2 bullfrog zombies (D:6)
  2 centaur zombies
  An orc priest (D:4)
  3 hounds
  2 iguanas (D:6)
  3 orc wizards
  A hound zombie (D:3)
  Robin (D:4)
  A worker ant zombie (D:5)
  11 adders
  5 gnolls (D:6)
  A shadow imp (D:5)
  An adder zombie (D:5)
  2 adder skeletons
  6 worms
  3 dart slugs (D:1)
  4 leopard geckos
  16 orcs
  4 bats
  5 giant cockroaches
  14 goblins
  14 hobgoblins
  16 jackals
  6 kobolds
  4 quokkas
  3 frilled lizards
  A giant cockroach zombie (D:3)
  2 jackal skeletons (D:3)
  A quokka zombie (D:3)
  7 rats
161 creatures vanquished.

Notes
Turn   | Place    | Note
-------+----------+-------------------------------------------
     0 | D:1      | Pickers98 the Minotaur Fighter began the quest for the Orb.
     0 | D:1      | Reached XP level 1. HP: 19/19 MP: 0/0
   241 | D:1      | Reached XP level 2. HP: 27/27 MP: 1/1
   393 | D:1      | Reached XP level 3. HP: 13/33 MP: 2/2
  1405 | D:3      | Reached XP level 4. HP: 38/41 MP: 3/3
  1622 | D:3      | Reached skill level 5 in Fighting
  1722 | D:3      | Reached XP level 5. HP: 48/48 MP: 4/4
  2002 | D:3      | Found a shimmering blue altar of Sif Muna.
  2305 | D:4      | Noticed Robin
  2349 | D:4      | Killed Robin
  2402 | D:4      | Noticed Menkaure
  2420 | D:4      | Killed Menkaure
  2420 | D:4      | Reached skill level 5 in Armour
  2420 | D:4      | Reached skill level 5 in Shields
  2420 | D:4      | Reached XP level 6. HP: 25/56 MP: 5/5
  3108 | D:5      | Entered Level 5 of the Dungeon
  3144 | D:5      | Reached skill level 5 in Maces & Flails
  3144 | D:5      | Reached XP level 7. HP: 44/63 MP: 6/6
  3692 | D:5      | Reached skill level 1 in Dodging
  3853 | D:5      | Found Mewkuq's Weapon Shop.
  3902 | D:5      | Reached XP level 8. HP: 71/71 MP: 7/7
  3993 | D:6      | Found Reywi's Food Shoppe.
  4484 | D:6      | Found a staircase to the Ecumenical Temple.
  4496 | Temple   | Entered the Ecumenical Temple
  4536 | Temple   | Became a worshipper of Warmaster Okawaru
  4888 | D:6      | Found an ornate altar of the Wu Jian Council.
  4896 | D:6      | Found a snail-covered altar of Cheibriados.
  4898 | D:6      | Found an opulent altar of Gozag.
  5543 | D:7      | Found a runed translucent gate.
  5544 | D:7      | Found a runed translucent gate.
  5588 | D:7      | Found a runed translucent gate.
  5590 | D:7      | Noticed lepoulpe303's ghost (novice FoFi)
  5590 | D:7      | Noticed Frank's ghost (novice DsGl)
  5591 | D:7      | Noticed Esekla's ghost (novice OpNe)
  5591 | D:7      | Noticed ZZKoverts's ghost (novice HaHu)
  5714 | D:7      | Reached XP level 9. HP: 19/79 MP: 8/8
  5719 | D:7      | Slain by a yak

Illustrated notes

Levels and vault maps discovered:
D:1:      enne_arrival_octagon_isle, layout_basic
D:2:      layout_rooms
D:3:      layout_basic, overflow_temple_1_default, serial_undead,
          serial_undead_d, serial_undead_d, serial_undead_c, serial_undead_f,
          minmay_diced_spiral
D:4:      layout_cave_pools, first_ration, uniq_menkaure, uniq_robin
D:5:      layout_rooms, serial_shops, kennysheep_little_box
D:6:      layout_basic, minitemple, minmay_temple_entry_statues_fountains,
          serial_shops, nicolae_shop_crystal, minmay_small_thing
D:7:      layout_gridville, gammafunk_ghost_cemetery, uniq_harold
Temple:   compressed_dpeg_circular_temple

Skill      XL: |  1  2  3  4  5  6  7  8 |
---------------+-------------------------+-----
Fighting       | 4 5 6 7 |  7.7
Shields        | 4 5 6 7 |  7.5
Armour         | 4 5 6 8 |  8.4
Maces & Flails | 3 4 5 6 8 |  8.4
Dodging        | 1 |  1.1
Stealth        | |  0.4

Action                   |  1- 3 |  4- 6 |  7- 9 || total
-------------------------+-------+-------+-------++-------
Melee: Flail             |   101 |   180 |   227 ||   508
       Headbutt          |    12 |    29 |    47 ||    88
  Use: Scroll            |       |     6 |       ||     6
       Potion            |       |       |     1 ||     1
  Eat: Chunk             |     1 |     7 |     7 ||    15
Armor: Scale mail        |    30 |       |       ||    30
       Chain mail        |    34 |     3 |       ||    37
       Plate armour      |       |   183 |   155 ||   338
Dodge: Dodged            |    33 |    57 |    51 ||   141
Block: Kite shield       |    56 |   117 |   149 ||   322
